[ AOE2 MATCH · #471234905 ]
UnrankedMuisca vs Bulgarians
[ REPLAY ANALYSIS · EXTRACTED FROM THE RECORDED GAME ]
Feudal
13:42
Castle
26:35
Imperial
55:42
| APM avg | 14.2 |
| APM peak | 36 |
| eAPM avg | 7.4 |
| Villagers / military | 104 / 56 |
Focus
⚔️ 30.5% · 🌾 69.5%
Unknown (2550) ×62 · Archer ×25 · Spearman ×20 · Unknown (2562) ×7 · Scorpion ×4 · Battering Ram ×4
Feudal
10:27
Castle
17:10
Imperial
40:08
| APM avg | 12.9 |
| APM peak | 40 |
| eAPM avg | 10.0 |
| Villagers / military | 167 / 225 |
Focus
⚔️ 27.3% · 🌾 72.7%
Knight ×179 · War Elephant ×46
Feudal
11:54
Castle
22:06
Imperial
40:22
| APM avg | 14.7 |
| APM peak | 50 |
| eAPM avg | 7.9 |
| Villagers / military | 166 / 117 |
Focus
⚔️ 24.4% · 🌾 75.6%
Konnik ×94 · Trade Cart ×17 · Militia ×16 · Monk ×4 · Trebuchet (Packed) ×3
Feudal
12:34
Castle
20:00
Imperial
31:20
| APM avg | 15.5 |
| APM peak | 39 |
| eAPM avg | 7.7 |
| Villagers / military | 99 / 339 |
Focus
⚔️ 37.0% · 🌾 63.0%
Spearman ×213 · Berserk ×83 · Skirmisher ×15 · Mangonel ×14 · Trebuchet (Packed) ×8 · Archer ×6
Feudal
—
Castle
—
Imperial
—
| APM avg | 20.6 |
| APM peak | 45 |
| eAPM avg | 8.9 |
| Villagers / military | 138 / 100 |
Focus
⚔️ 25.9% · 🌾 74.1%
Militia ×47 · Samurai ×18 · Scout Cavalry ×13 · Knight ×12 · Trade Cart ×7 · Spearman ×6
Feudal
13:52
Castle
17:47
Imperial
31:46
| APM avg | 11.6 |
| APM peak | 36 |
| eAPM avg | 6.6 |
| Villagers / military | 89 / 330 |
Focus
⚔️ 36.9% · 🌾 63.1%
Scout Cavalry ×190 · Camel Scout ×69 · Knight ×59 · Trebuchet (Packed) ×12 · Trade Cart ×10
Feudal
11:02
Castle
15:00
Imperial
37:08
| APM avg | 30.5 |
| APM peak | 65 |
| eAPM avg | 14.2 |
| Villagers / military | 135 / 481 |
Focus
⚔️ 36.7% · 🌾 63.3%
Skirmisher ×225 · Scout Cavalry ×142 · Leitis ×52 · Knight ×35 · Hand Cannoneer ×19 · Trebuchet (Packed) ×7
Feudal
11:24
Castle
22:08
Imperial
40:18
| APM avg | 23.2 |
| APM peak | 49 |
| eAPM avg | 14.0 |
| Villagers / military | 122 / 283 |
Focus
⚔️ 50.0% · 🌾 50.0%
Woad Raider ×171 · Spearman ×96 · Trade Cart ×10 · Battering Ram ×10 · Militia ×6
Match map
Initial resources + every placement click. Lines = walls · curves = elevation contours. ◆ gold · ⬟ stone · ● berries · ✦ relic · ◌ wall gap
Your base· Open — unwalled flank
kokokun's base· Open — unwalled flank
L3GAL's base· Open — unwalled flank
DrinkYoSoup's base· Open — unwalled flank
J5423's base· Open — unwalled flank
Fluvialgeomorphologist's base· Open — unwalled flank
90_Archer's base· Open — unwalled flank
TOYOTA YARIS GR's base· Open — unwalled flank
Smoothed initial terrain · ◌ = detected wall gap · hover for details
Inputs per minute
— JUSTABANDIT - - kokokun
Build order — JUSTABANDIT
First 150 of 310 actions detected
| 0:07 | Create | Villager (Male) |
| 0:07 | Research | Loom |
| 0:09 | Create | Villager (Male) |
| 0:09 | Create | Villager (Male) |
| 0:09 | Create | Villager (Male) |
| 0:12 | Research | Loom |
| 0:15 | Build | House |
| 0:17 | Build | House |
| 1:27 | Build | Settlement |
| 2:04 | Create | Villager (Male) |
| 2:43 | Create | Villager (Male) |
| 3:18 | Create | Villager (Male) |
| 3:34 | Create | Villager (Male) |
| 3:52 | Create | Villager (Male) |
| 4:17 | Build | House |
| 4:21 | Build | House |
| 4:39 | Create | Villager (Male) |
| 5:04 | Create | Villager (Male) |
| 5:07 | Create | Villager (Male) |
| 5:37 | Build | Settlement |
| 6:08 | Create | Villager (Male) |
| 6:09 | Create | Villager (Male) |
| 6:26 | Create | Villager (Male) |
| 6:44 | Create | Villager (Male) |
| 7:07 | Build | Barracks |
| 7:19 | Create | Villager (Male) |
| 7:20 | Create | Villager (Male) |
| 7:48 | Build | Settlement |
| 7:59 | Create | Villager (Male) |
| 8:09 | Create | Villager (Male) |
| 8:10 | Create | Villager (Male) |
| 8:28 | Build | Outpost |
| 8:50 | Create | Villager (Male) |
| 8:51 | Create | Villager (Male) |
| 9:18 | Build | Farm |
| 9:32 | Build | Farm |
| 9:34 | Create | Villager (Male) |
| 9:36 | Create | Unit 2550 |
| 9:38 | Create | Unit 2550 |
| 9:56 | Build | Farm |
| 10:32 | Build | Farm |
| 10:48 | Build | Farm |
| 11:15 | Build | Farm |
| 11:32 | Research | Feudal Age |
| 12:29 | Build | Outpost |
| 12:50 | Build | Outpost |
| 13:19 | Create | Villager (Male) |
| 13:20 | Create | Villager (Male) |
| 13:20 | Create | Villager (Male) |
| 13:32 | Create | Villager (Male) |
| 13:33 | Create | Villager (Male) |
| 13:33 | Create | Villager (Male) |
| 13:33 | Create | Villager (Male) |
| 13:34 | Create | Villager (Male) |
| 13:34 | Create | Villager (Male) |
| 13:35 | Create | Villager (Male) |
| 13:42 | Age | Feudal Age |
| 13:44 | Build | House |
| 13:45 | Build | House |
| 13:48 | Build | House |
| 13:49 | Build | House |
| 14:42 | Build | Farm |
| 14:58 | Build | Outpost |
| 15:01 | Research | Town Watch |
| 15:06 | Research | Horse Collar |
| 15:06 | Research | Double-Bit Axe |
| 15:26 | Build | Outpost |
| 15:29 | Build | Outpost |
| 15:31 | Build | Outpost |
| 15:37 | Research | Tech 1402 |
| 15:53 | Create | Unit 2550 |
| 15:54 | Create | Unit 2550 |
| 15:54 | Create | Unit 2550 |
| 15:54 | Create | Unit 2550 |
| 16:02 | Create | Unit 2550 |
| 16:02 | Create | Unit 2550 |
| 16:14 | Build | Farm |
| 16:16 | Build | Farm |
| 16:19 | Build | Farm |
| 16:21 | Build | Farm |
| 16:30 | Build | Farm |
| 16:37 | Build | House |
| 16:39 | Build | House |
| 16:58 | Build | Blacksmith |
| 17:22 | Create | Unit 2550 |
| 17:22 | Create | Unit 2550 |
| 17:33 | Build | Farm |
| 17:45 | Create | Villager (Male) |
| 17:45 | Create | Villager (Male) |
| 18:24 | Build | House |
| 18:25 | Build | House |
| 18:39 | Build | Outpost |
| 18:50 | Build | Farm |
| 18:52 | Build | Farm |
| 18:56 | Research | Forging |
| 18:56 | Research | Scale Mail Armor |
| 19:35 | Build | Outpost |
| 19:46 | Create | Unit 2550 |
| 19:56 | Build | House |
| 19:58 | Build | House |
| 20:07 | Build | Market |
| 20:09 | Create | Villager (Male) |
| 20:10 | Create | Villager (Male) |
| 20:11 | Create | Villager (Male) |
| 20:22 | Build | Stone Wall |
| 20:37 | Build | Stone Wall |
| 21:04 | Build | Settlement |
| 21:07 | Create | Villager (Male) |
| 21:07 | Create | Villager (Male) |
| 21:08 | Research | Wheelbarrow |
| 21:19 | Build | Settlement |
| 22:16 | Build | Archery Range |
| 22:24 | Build | Archery Range |
| 22:28 | Build | Archery Range |
| 23:55 | Research | Castle Age |
| 24:17 | Build | House |
| 24:19 | Build | House |
| 24:20 | Build | House |
| 24:22 | Build | House |
| 26:35 | Age | Castle Age |
| 26:39 | Create | Villager (Male) |
| 26:39 | Create | Villager (Male) |
| 26:40 | Create | Villager (Male) |
| 26:40 | Create | Villager (Male) |
| 26:41 | Create | Villager (Male) |
| 26:41 | Create | Villager (Male) |
| 26:41 | Create | Villager (Male) |
| 26:42 | Create | Villager (Male) |
| 26:42 | Create | Villager (Male) |
| 26:56 | Build | Town Center |
| 27:32 | Research | Iron Casting |
| 27:33 | Research | Chain Mail Armor |
| 28:04 | Research | Thumb Ring |
| 28:04 | Research | Crossbowman (upgrade) |
| 29:07 | Create | Villager (Male) |
| 29:08 | Create | Villager (Male) |
| 29:08 | Create | Villager (Male) ×5 |
| 29:09 | Create | Villager (Male) ×5 |
| 29:09 | Create | Villager (Male) ×2 |
| 29:16 | Build | Farm |
| 29:17 | Build | Farm |
| 29:17 | Build | Farm |
| 29:18 | Build | Farm |
| 29:18 | Build | Farm |
| 29:18 | Build | Farm |
| 29:19 | Build | Farm |
| 29:35 | Research | Heavy Plow |
| 29:48 | Build | Outpost |
| 30:29 | Create | Archer ×5 |
| 30:32 | Create | Archer ×5 |
Build order — kokokun
First 150 of 441 actions detected
| 0:03 | Create | Villager (Male) |
| 0:03 | Create | Villager (Male) |
| 0:03 | Create | Villager (Male) |
| 0:04 | Create | Villager (Male) |
| 0:08 | Build | House |
| 0:13 | Build | House |
| 0:48 | Create | Villager (Male) |
| 0:48 | Create | Villager (Male) |
| 0:48 | Create | Villager (Male) |
| 1:49 | Create | Villager (Male) |
| 1:49 | Create | Villager (Male) |
| 2:14 | Create | Villager (Male) |
| 2:14 | Create | Villager (Male) |
| 2:44 | Create | Villager (Male) |
| 2:44 | Create | Villager (Male) |
| 3:01 | Build | House |
| 3:09 | Build | Mill |
| 3:21 | Create | Villager (Male) |
| 3:21 | Create | Villager (Male) |
| 3:21 | Create | Villager (Male) |
| 3:22 | Create | Villager (Male) |
| 4:25 | Build | Lumber Camp |
| 4:30 | Create | Villager (Male) |
| 4:35 | Create | Villager (Male) |
| 4:51 | Create | Villager (Male) |
| 4:51 | Create | Villager (Male) |
| 5:28 | Create | Villager (Male) |
| 5:28 | Create | Villager (Male) |
| 6:06 | Build | House |
| 6:12 | Create | Villager (Male) |
| 6:48 | Build | House |
| 7:00 | Create | Villager (Male) |
| 7:00 | Create | Villager (Male) |
| 7:25 | Build | Mining Camp |
| 8:20 | Create | Villager (Male) |
| 8:24 | Research | Feudal Age |
| 8:25 | Create | Villager (Male) |
| 8:26 | Create | Villager (Male) |
| 8:45 | Build | Farm |
| 9:06 | Build | Farm |
| 9:28 | Build | Farm |
| 9:35 | Build | Farm |
| 9:52 | Create | Villager (Male) |
| 9:52 | Create | Villager (Male) |
| 10:27 | Age | Feudal Age |
| 10:31 | Build | Farm |
| 11:01 | Build | Blacksmith |
| 11:06 | Create | Villager (Male) |
| 11:07 | Create | Villager (Male) |
| 11:55 | Build | Market |
| 12:01 | Create | Villager (Male) |
| 12:10 | Create | Villager (Male) |
| 12:14 | Create | Villager (Male) |
| 12:32 | Build | Farm |
| 12:38 | Build | Farm |
| 12:44 | Build | Farm |
| 13:52 | Build | Mining Camp |
| 14:02 | Create | Villager (Male) |
| 14:20 | Build | House |
| 14:44 | Research | Castle Age |
| 15:03 | Build | House |
| 15:26 | Research | Double-Bit Axe |
| 15:41 | Research | Stone Mining |
| 16:36 | Research | Horse Collar |
| 16:41 | Create | Villager (Male) |
| 16:42 | Create | Villager (Male) |
| 16:42 | Create | Villager (Male) |
| 17:10 | Age | Castle Age |
| 17:15 | Create | Villager (Male) |
| 17:42 | Build | Town Center |
| 17:50 | Create | Villager (Male) |
| 18:15 | Build | House |
| 18:32 | Build | Farm |
| 18:32 | Build | Farm |
| 18:33 | Build | Farm |
| 18:33 | Build | Farm |
| 18:33 | Build | Farm |
| 18:34 | Build | Farm |
| 18:35 | Build | Farm |
| 18:49 | Research | Stone Shaft Mining |
| 19:32 | Create | Villager (Male) |
| 19:33 | Create | Villager (Male) |
| 19:37 | Create | Villager (Male) |
| 19:37 | Create | Villager (Male) |
| 19:57 | Create | Villager (Male) |
| 20:12 | Build | Farm |
| 20:22 | Build | Castle |
| 20:36 | Create | Villager (Male) |
| 20:40 | Create | Villager (Male) |
| 20:40 | Create | Villager (Male) |
| 21:02 | Create | Villager (Male) ×5 |
| 21:27 | Build | Farm |
| 21:30 | Build | Farm |
| 22:01 | Create | Villager (Male) |
| 22:02 | Research | Wheelbarrow |
| 22:07 | Create | Villager (Male) |
| 22:07 | Create | Villager (Male) |
| 22:14 | Create | War Elephant |
| 22:14 | Create | War Elephant |
| 22:14 | Create | War Elephant |
| 22:35 | Create | Villager (Male) |
| 22:37 | Create | Villager (Male) |
| 22:38 | Create | Villager (Male) |
| 22:38 | Create | Villager (Male) |
| 23:16 | Build | Town Center |
| 23:22 | Create | Villager (Male) |
| 23:51 | Research | Heavy Plow |
| 23:55 | Research | Bow Saw |
| 24:06 | Create | Villager (Male) ×2 |
| 24:16 | Build | Farm |
| 24:16 | Build | Farm |
| 24:17 | Build | Farm |
| 24:17 | Build | Farm |
| 24:17 | Build | Farm |
| 24:17 | Build | Farm |
| 24:18 | Build | Farm |
| 24:42 | Create | Villager (Male) |
| 24:42 | Create | Villager (Male) |
| 24:43 | Create | Villager (Male) |
| 24:43 | Create | Villager (Male) |
| 24:55 | Build | Castle |
| 25:07 | Create | War Elephant |
| 25:07 | Create | War Elephant |
| 25:07 | Create | War Elephant |
| 25:45 | Create | Villager (Male) |
| 25:45 | Create | Villager (Male) |
| 25:48 | Create | Villager (Male) |
| 25:48 | Create | Villager (Male) |
| 25:59 | Build | Farm |
| 26:00 | Build | Farm |
| 26:00 | Build | Farm |
| 26:00 | Build | Farm |
| 26:00 | Build | Farm |
| 26:00 | Build | Farm |
| 26:01 | Build | Farm |
| 26:01 | Build | Farm |
| 26:09 | Create | Villager (Male) |
| 26:11 | Create | Villager (Male) ×3 |
| 26:52 | Build | Lumber Camp |
| 26:58 | Create | War Elephant |
| 27:13 | Build | Lumber Camp |
| 27:46 | Build | House |
| 27:47 | Build | House |
| 27:48 | Build | House |
| 27:48 | Build | House |
| 27:48 | Build | House |
| 27:48 | Build | House |
| 27:56 | Create | War Elephant |
| 27:56 | Create | War Elephant |
| 28:00 | Research | Hand Cart |
Build order — L3GAL
First 150 of 316 actions detected
| 0:04 | Research | Loom |
| 0:05 | Create | Villager (Male) ×4 |
| 0:05 | Create | Villager (Male) ×4 |
| 0:05 | Create | Villager (Male) ×4 |
| 0:10 | Build | House |
| 1:39 | Build | House |
| 2:05 | Create | Villager (Male) |
| 2:05 | Create | Villager (Male) |
| 2:05 | Create | Villager (Male) |
| 2:36 | Create | Villager (Male) |
| 2:36 | Create | Villager (Male) |
| 2:37 | Create | Villager (Male) |
| 3:10 | Create | Villager (Male) |
| 3:11 | Create | Villager (Male) |
| 3:15 | Create | Villager (Male) |
| 3:16 | Create | Villager (Male) |
| 3:39 | Build | House |
| 3:49 | Create | Villager (Male) |
| 3:50 | Create | Villager (Male) |
| 4:06 | Create | Villager (Male) |
| 4:07 | Create | Villager (Male) |
| 4:19 | Create | Villager (Male) |
| 4:19 | Create | Villager (Male) |
| 4:40 | Build | House |
| 4:55 | Create | Villager (Male) |
| 4:55 | Create | Villager (Male) |
| 4:55 | Create | Villager (Male) |
| 5:19 | Create | Villager (Male) ×2 |
| 5:41 | Create | Villager (Male) |
| 5:41 | Create | Villager (Male) |
| 5:53 | Build | House |
| 6:01 | Create | Villager (Male) |
| 6:36 | Create | Villager (Male) |
| 7:15 | Build | Mill |
| 7:25 | Create | Villager (Male) |
| 7:45 | Create | Villager (Male) |
| 8:55 | Build | Lumber Camp |
| 9:10 | Create | Villager (Male) |
| 9:44 | Research | Feudal Age |
| 10:15 | Build | Mill |
| 10:43 | Build | House |
| 10:52 | Build | House |
| 10:53 | Build | House |
| 10:56 | Build | House |
| 10:58 | Build | House |
| 11:00 | Build | House |
| 11:01 | Build | House |
| 11:03 | Build | House |
| 11:05 | Build | House |
| 11:06 | Build | House |
| 11:08 | Build | House |
| 11:10 | Build | House |
| 11:15 | Create | Villager (Male) |
| 11:16 | Create | Villager (Male) |
| 11:16 | Create | Villager (Male) |
| 11:23 | Create | Villager (Male) |
| 11:23 | Create | Villager (Male) |
| 11:54 | Age | Feudal Age |
| 12:03 | Research | Double-Bit Axe |
| 12:09 | Build | Farm |
| 12:11 | Build | Farm |
| 12:12 | Build | Farm |
| 12:34 | Research | Horse Collar |
| 12:40 | Create | Villager (Male) |
| 12:40 | Create | Villager (Male) |
| 13:16 | Build | Mining Camp |
| 13:25 | Create | Villager (Male) |
| 13:26 | Create | Villager (Male) |
| 13:26 | Create | Villager (Male) |
| 14:20 | Build | Market |
| 14:29 | Build | House |
| 14:30 | Build | House |
| 14:32 | Build | House |
| 14:38 | Create | Villager (Male) |
| 14:39 | Create | Villager (Male) |
| 15:06 | Create | Villager (Male) |
| 15:37 | Build | Barracks |
| 16:06 | Build | Farm |
| 16:07 | Build | Farm |
| 16:09 | Build | Farm |
| 16:11 | Build | Farm |
| 16:21 | Build | Farm |
| 16:23 | Build | Farm |
| 16:29 | Create | Villager (Male) |
| 17:14 | Build | Farm |
| 17:34 | Build | Blacksmith |
| 17:46 | Create | Villager (Male) |
| 17:47 | Create | Villager (Male) |
| 17:47 | Create | Villager (Male) |
| 17:48 | Create | Villager (Male) |
| 18:57 | Build | Farm |
| 19:01 | Build | Farm |
| 19:04 | Build | Farm |
| 19:05 | Build | Farm |
| 19:09 | Research | Castle Age |
| 19:22 | Research | Stone Mining |
| 19:52 | Research | Forging |
| 20:13 | Create | Militia ×2 |
| 20:21 | Create | Militia |
| 20:21 | Create | Militia |
| 20:37 | Build | Farm |
| 20:40 | Build | Farm |
| 20:41 | Build | Farm |
| 20:46 | Build | Mill |
| 20:52 | Build | Farm |
| 21:00 | Create | Militia |
| 21:08 | Create | Villager (Male) |
| 21:09 | Create | Villager (Male) |
| 21:24 | Create | Trade Cart |
| 21:25 | Create | Trade Cart |
| 21:35 | Create | Militia |
| 21:36 | Create | Militia |
| 21:39 | Research | Arson |
| 21:46 | Research | Scale Mail Armor |
| 22:06 | Age | Castle Age |
| 22:06 | Create | Militia |
| 22:28 | Research | Chain Mail Armor |
| 22:30 | Research | Iron Casting |
| 22:47 | Build | Town Center |
| 22:53 | Create | Villager (Male) |
| 22:53 | Create | Villager (Male) |
| 23:55 | Create | Militia ×5 |
| 24:12 | Create | Villager (Male) ×5 |
| 24:22 | Create | Villager (Male) |
| 24:46 | Research | Squires |
| 24:54 | Build | Castle |
| 25:01 | Create | Villager (Male) ×2 |
| 26:10 | Build | Farm |
| 26:35 | Research | Fletching |
| 26:58 | Build | Lumber Camp |
| 27:12 | Research | Wheelbarrow |
| 27:36 | Build | Town Center |
| 27:43 | Build | Lumber Camp |
| 27:54 | Research | Bodkin Arrow |
| 28:01 | Create | Villager (Male) ×5 |
| 28:09 | Create | Villager (Male) ×4 |
| 28:22 | Create | Trade Cart |
| 28:47 | Build | Monastery |
| 29:11 | Research | Bow Saw |
| 29:16 | Research | Heavy Plow |
| 29:32 | Build | Mining Camp |
| 29:41 | Create | Trade Cart |
| 29:41 | Create | Trade Cart |
| 30:21 | Create | Villager (Male) ×5 |
| 30:33 | Build | Farm |
| 30:34 | Build | Farm |
| 30:36 | Build | Farm |
| 30:38 | Build | Farm |
| 30:39 | Build | Farm |
| 31:20 | Research | Padded Archer Armor |
Build order — DrinkYoSoup
First 150 of 292 actions detected
| 0:05 | Build | House |
| 0:07 | Build | House |
| 0:09 | Create | Villager (Male) |
| 0:10 | Create | Villager (Male) |
| 0:10 | Create | Villager (Male) |
| 0:10 | Create | Villager (Male) |
| 0:11 | Create | Villager (Male) |
| 1:00 | Research | Loom |
| 1:49 | Create | Villager (Male) |
| 1:50 | Create | Villager (Male) |
| 2:10 | Create | Villager (Male) |
| 2:10 | Create | Villager (Male) |
| 2:27 | Create | Villager (Male) |
| 2:27 | Create | Villager (Male) |
| 3:03 | Create | Villager (Male) |
| 3:23 | Create | Villager (Male) |
| 3:39 | Build | House |
| 4:26 | Create | Villager (Male) |
| 4:27 | Create | Villager (Male) |
| 4:27 | Create | Villager (Male) |
| 4:48 | Build | House |
| 4:49 | Build | House |
| 4:50 | Build | House |
| 4:51 | Build | House |
| 5:17 | Create | Villager (Male) |
| 5:17 | Create | Villager (Male) |
| 5:24 | Create | Villager (Male) |
| 5:24 | Create | Villager (Male) |
| 5:24 | Create | Villager (Male) |
| 5:25 | Create | Villager (Male) |
| 5:25 | Create | Villager (Male) |
| 5:42 | Create | Villager (Male) |
| 5:42 | Create | Villager (Male) |
| 7:06 | Build | Mining Camp |
| 7:25 | Create | Villager (Male) |
| 7:26 | Create | Villager (Male) |
| 7:36 | Build | Lumber Camp |
| 8:46 | Build | Mill |
| 8:49 | Create | Villager (Male) |
| 8:49 | Create | Villager (Male) |
| 8:50 | Create | Villager (Male) |
| 8:50 | Create | Villager (Male) |
| 10:24 | Research | Feudal Age |
| 12:23 | Build | Farm |
| 12:24 | Build | Farm |
| 12:24 | Build | Farm |
| 12:25 | Build | Farm |
| 12:25 | Build | Farm |
| 12:25 | Build | Farm |
| 12:26 | Build | Farm |
| 12:26 | Build | Farm |
| 12:27 | Build | Farm |
| 12:27 | Build | Farm |
| 12:28 | Build | Farm |
| 12:28 | Build | Farm |
| 12:28 | Build | Farm |
| 12:29 | Build | Farm |
| 12:31 | Build | Farm |
| 12:34 | Age | Feudal Age |
| 12:36 | Create | Villager (Male) |
| 12:36 | Create | Villager (Male) |
| 12:36 | Create | Villager (Male) |
| 12:36 | Create | Villager (Male) |
| 13:34 | Build | House |
| 14:03 | Build | Stone Wall |
| 14:13 | Build | Stone Wall |
| 14:35 | Build | Market |
| 14:41 | Build | Blacksmith |
| 14:45 | Create | Villager (Male) |
| 14:45 | Create | Villager (Male) |
| 14:45 | Create | Villager (Male) |
| 14:45 | Create | Villager (Male) |
| 15:41 | Build | Stone Wall |
| 16:12 | Build | Farm |
| 16:31 | Build | Gate |
| 17:20 | Research | Castle Age |
| 18:10 | Build | Barracks |
| 18:17 | Research | Horse Collar |
| 19:35 | Build | House |
| 20:00 | Age | Castle Age |
| 20:05 | Build | Castle |
| 20:24 | Build | Town Center |
| 20:38 | Build | Town Center |
| 20:52 | Create | Villager (Male) |
| 20:52 | Create | Villager (Male) |
| 20:52 | Create | Villager (Male) |
| 21:15 | Create | Villager (Male) |
| 21:16 | Create | Villager (Male) |
| 21:17 | Create | Villager (Male) |
| 21:17 | Create | Villager (Male) |
| 22:04 | Build | Mining Camp |
| 22:07 | Create | Villager (Male) ×5 |
| 22:21 | Build | Lumber Camp |
| 22:38 | Create | Villager (Male) ×5 |
| 22:58 | Build | Farm |
| 23:00 | Build | Farm |
| 23:02 | Build | Farm |
| 23:10 | Create | Villager (Male) ×5 |
| 23:25 | Build | Watch Tower |
| 23:38 | Create | Berserk ×4 |
| 23:38 | Create | Berserk ×4 |
| 23:54 | Create | Villager (Male) |
| 23:55 | Create | Villager (Male) |
| 24:10 | Build | Farm |
| 24:10 | Build | Farm |
| 24:11 | Build | Farm |
| 24:11 | Build | Farm |
| 24:12 | Build | Farm |
| 24:17 | Create | Villager (Male) ×3 |
| 24:18 | Create | Villager (Male) ×3 |
| 24:34 | Build | Siege Workshop |
| 24:46 | Build | Watch Tower |
| 25:01 | Create | Villager (Male) ×3 |
| 25:02 | Create | Villager (Male) ×4 |
| 25:02 | Create | Villager (Male) |
| 25:37 | Build | Farm |
| 25:43 | Build | Farm |
| 25:43 | Build | Farm |
| 25:45 | Build | Farm |
| 25:49 | Create | Villager (Male) ×4 |
| 25:57 | Build | Farm |
| 26:01 | Build | Farm |
| 26:02 | Build | Farm |
| 26:14 | Create | Mangonel |
| 26:14 | Create | Mangonel |
| 26:59 | Build | Farm |
| 27:00 | Build | Farm |
| 27:00 | Build | Farm |
| 27:02 | Build | Farm |
| 27:14 | Build | Farm |
| 27:16 | Build | Farm |
| 27:18 | Build | Farm |
| 27:20 | Build | Farm |
| 27:38 | Build | House |
| 27:39 | Build | House |
| 27:39 | Build | House |
| 27:40 | Build | House |
| 27:41 | Build | House |
| 27:41 | Build | House |
| 27:41 | Build | House |
| 27:42 | Build | House |
| 27:43 | Build | House |
| 27:43 | Build | House |
| 28:02 | Research | Fletching |
| 28:10 | Research | Imperial Age |
| 28:22 | Build | House |
| 28:25 | Build | House |
| 28:27 | Build | House |
| 28:29 | Build | House |
| 29:03 | Research | Pikeman (upgrade) |
Build order — J5423
First 150 of 326 actions detected
| 0:06 | Create | Villager (Male) ×4 |
| 0:06 | Create | Villager (Male) ×4 |
| 0:12 | Build | House |
| 1:03 | Build | House |
| 1:40 | Create | Villager (Male) |
| 1:40 | Create | Villager (Male) |
| 2:50 | Create | Villager (Male) |
| 2:50 | Create | Villager (Male) |
| 3:38 | Create | Villager (Male) |
| 3:38 | Create | Villager (Male) |
| 3:46 | Build | House |
| 3:48 | Create | Villager (Male) |
| 3:48 | Create | Villager (Male) |
| 4:19 | Create | Villager (Male) |
| 4:19 | Create | Villager (Male) |
| 4:23 | Build | Mill |
| 4:31 | Build | Mill |
| 4:42 | Create | Villager (Male) |
| 4:43 | Create | Villager (Male) |
| 5:13 | Create | Villager (Male) |
| 5:14 | Create | Villager (Male) |
| 5:14 | Create | Villager (Male) |
| 5:51 | Create | Villager (Male) |
| 5:51 | Create | Villager (Male) |
| 6:26 | Build | House |
| 6:45 | Create | Villager (Male) |
| 6:46 | Create | Villager (Male) |
| 6:46 | Create | Villager (Male) |
| 7:36 | Create | Villager (Male) |
| 7:36 | Create | Villager (Male) |
| 9:04 | Build | Lumber Camp |
| 9:09 | Create | Villager (Male) |
| 9:09 | Create | Villager (Male) |
| 9:09 | Create | Villager (Male) |
| 9:40 | Research | Loom |
| 10:03 | Research | Feudal Age |
| 10:33 | Build | Mining Camp |
| 11:00 | Build | House |
| 11:59 | Create | Villager (Male) ×5 |
| 12:17 | Build | House |
| 12:40 | Research | Double-Bit Axe |
| 12:48 | Build | Farm |
| 12:49 | Build | Farm |
| 12:49 | Build | Farm |
| 12:49 | Build | Farm |
| 12:49 | Build | Farm |
| 12:50 | Build | Farm |
| 12:50 | Build | Farm |
| 13:05 | Build | Mill |
| 13:27 | Build | House |
| 13:44 | Research | Wheelbarrow |
| 14:00 | Build | Mining Camp |
| 14:36 | Build | Farm |
| 14:42 | Create | Villager (Male) ×5 |
| 14:59 | Research | Stone Mining |
| 15:01 | Research | Gold Mining |
| 15:22 | Build | Barracks |
| 15:55 | Build | Blacksmith |
| 16:13 | Build | Market |
| 16:25 | Research | Man-at-Arms (upgrade) |
| 16:26 | Create | Militia |
| 16:27 | Create | Militia |
| 16:27 | Create | Militia |
| 16:43 | Build | Watch Tower |
| 16:56 | Create | Spearman |
| 16:57 | Create | Spearman |
| 17:09 | Build | Farm |
| 17:09 | Build | Farm |
| 17:10 | Build | Farm |
| 17:10 | Build | Farm |
| 17:16 | Build | Lumber Camp |
| 18:16 | Build | Watch Tower |
| 18:24 | Create | Spearman |
| 18:28 | Create | Militia |
| 18:29 | Create | Militia |
| 18:38 | Build | Farm |
| 18:38 | Build | Farm |
| 18:39 | Build | Farm |
| 18:39 | Build | Farm |
| 18:39 | Build | Farm |
| 18:39 | Build | Farm |
| 18:54 | Research | Horse Collar |
| 19:04 | Build | House |
| 19:06 | Build | House |
| 19:51 | Build | Mining Camp |
| 21:46 | Build | Watch Tower |
| 22:45 | Create | Militia |
| 22:45 | Create | Militia |
| 23:54 | Research | Castle Age |
| 24:02 | Build | Mining Camp |
| 24:43 | Build | Stable |
| 24:48 | Build | Stable |
| 25:22 | Build | Barracks |
| 26:15 | Create | Trade Cart |
| 26:15 | Create | Trade Cart |
| 26:36 | Build | Lumber Camp |
| 26:42 | Research | Husbandry |
| 26:45 | Research | Bloodlines |
| 26:47 | Create | Knight |
| 26:47 | Create | Knight |
| 26:52 | Research | Light Cavalry (upgrade) |
| 26:53 | Create | Scout Cavalry ×5 |
| 26:53 | Create | Scout Cavalry ×5 |
| 26:54 | Create | Scout Cavalry |
| 26:58 | Create | Scout Cavalry |
| 26:58 | Create | Scout Cavalry |
| 27:13 | Build | Town Center |
| 27:44 | Build | Castle |
| 27:49 | Create | Villager (Male) ×5 |
| 27:52 | Research | Bow Saw |
| 27:56 | Research | Gold Shaft Mining |
| 28:00 | Research | Heavy Plow |
| 28:22 | Create | Villager (Male) |
| 28:22 | Create | Villager (Male) |
| 28:58 | Research | Squires |
| 28:58 | Research | Gambesons |
| 29:12 | Create | Villager (Male) |
| 29:12 | Create | Villager (Male) |
| 29:47 | Create | Villager (Male) ×4 |
| 29:48 | Create | Villager (Male) ×4 |
| 29:54 | Build | House |
| 29:59 | Build | House |
| 30:01 | Build | House |
| 30:11 | Build | Stone Wall |
| 33:22 | Build | Town Center |
| 33:25 | Build | Farm |
| 33:25 | Build | Farm |
| 33:26 | Build | Farm |
| 33:28 | Create | Villager (Male) |
| 34:04 | Build | Stone Wall |
| 34:10 | Research | Pikeman (upgrade) |
| 34:14 | Create | Knight ×5 |
| 34:15 | Create | Knight ×5 |
| 35:43 | Create | Villager (Male) |
| 35:43 | Create | Villager (Male) |
| 35:43 | Create | Villager (Male) |
| 36:08 | Create | Villager (Male) ×5 |
| 36:09 | Create | Villager (Male) ×5 |
| 36:09 | Create | Villager (Male) ×5 |
| 36:10 | Create | Villager (Male) ×3 |
| 37:05 | Build | Barracks |
| 37:05 | Build | Barracks |
| 37:05 | Build | Barracks |
| 37:06 | Build | Barracks |
| 37:06 | Build | Barracks |
| 37:06 | Build | Barracks |
| 37:07 | Build | Barracks |
| 37:07 | Build | Barracks |
| 37:07 | Build | Barracks |
| 37:07 | Build | Barracks |
Build order — Fluvialgeomorphologist
First 150 of 266 actions detected
| 0:03 | Create | Villager (Male) |
| 0:03 | Create | Villager (Male) |
| 0:04 | Create | Villager (Male) |
| 0:06 | Build | House |
| 0:08 | Build | House |
| 1:26 | Create | Villager (Male) |
| 1:26 | Create | Villager (Male) |
| 2:25 | Create | Villager (Male) |
| 2:25 | Create | Villager (Male) |
| 2:25 | Create | Villager (Male) |
| 3:50 | Create | Villager (Male) |
| 3:50 | Create | Villager (Male) |
| 3:50 | Create | Villager (Male) |
| 4:16 | Build | Lumber Camp |
| 4:50 | Build | Mill |
| 5:16 | Create | Villager (Male) |
| 5:17 | Create | Villager (Male) |
| 5:17 | Create | Villager (Male) |
| 5:17 | Create | Villager (Male) |
| 5:45 | Build | House |
| 5:48 | Research | Loom |
| 6:02 | Build | House |
| 6:41 | Create | Villager (Male) |
| 6:42 | Create | Villager (Male) |
| 6:42 | Create | Villager (Male) |
| 6:42 | Create | Villager (Male) |
| 6:43 | Create | Villager (Male) |
| 6:43 | Create | Villager (Male) |
| 7:25 | Build | Mining Camp |
| 9:24 | Create | Villager (Male) |
| 9:24 | Create | Villager (Male) |
| 9:24 | Create | Villager (Male) |
| 9:25 | Create | Villager (Male) |
| 10:45 | Build | House |
| 11:42 | Research | Feudal Age |
| 12:56 | Build | Barracks |
| 13:52 | Age | Feudal Age |
| 14:04 | Build | Blacksmith |
| 14:15 | Build | Market |
| 14:27 | Research | Double-Bit Axe |
| 15:07 | Research | Castle Age |
| 15:19 | Research | Horse Collar |
| 15:22 | Build | Farm |
| 15:23 | Build | Farm |
| 15:23 | Build | Farm |
| 15:29 | Build | Farm |
| 15:29 | Build | Farm |
| 15:30 | Build | Farm |
| 15:31 | Build | Farm |
| 16:04 | Build | House |
| 16:05 | Build | House |
| 17:01 | Build | Farm |
| 17:47 | Age | Castle Age |
| 17:53 | Create | Villager (Male) |
| 17:53 | Create | Villager (Male) |
| 17:53 | Create | Villager (Male) |
| 18:19 | Build | Town Center |
| 18:28 | Research | Heavy Plow |
| 18:41 | Build | Stable |
| 19:26 | Research | Bow Saw |
| 19:29 | Create | Villager (Male) |
| 19:38 | Build | Farm |
| 19:39 | Build | Farm |
| 19:39 | Build | Farm |
| 19:39 | Build | Farm |
| 19:39 | Build | Farm |
| 19:40 | Build | Farm |
| 20:22 | Create | Knight |
| 20:22 | Create | Knight |
| 20:40 | Build | House |
| 20:43 | Build | House |
| 20:44 | Build | House |
| 20:46 | Build | House |
| 20:49 | Build | House |
| 20:54 | Create | Villager (Male) ×3 |
| 21:12 | Build | Farm |
| 21:13 | Build | Farm |
| 21:19 | Build | Farm |
| 21:19 | Build | Farm |
| 21:19 | Build | Farm |
| 21:20 | Build | Farm |
| 21:43 | Research | Wheelbarrow |
| 21:47 | Create | Villager (Male) |
| 22:15 | Build | Farm |
| 22:37 | Create | Villager (Male) ×5 |
| 23:03 | Build | Lumber Camp |
| 23:17 | Build | House |
| 23:19 | Build | House |
| 23:21 | Build | House |
| 23:22 | Build | House |
| 23:36 | Create | Villager (Male) ×5 |
| 24:17 | Research | Stone Mining |
| 24:18 | Research | Gold Mining |
| 24:21 | Research | Hand Cart |
| 24:22 | Create | Villager (Male) ×2 |
| 25:40 | Build | House |
| 26:24 | Build | Siege Workshop |
| 26:28 | Create | Villager (Male) ×5 |
| 27:01 | Build | University |
| 27:46 | Create | Villager (Male) ×5 |
| 27:46 | Create | Villager (Male) ×5 |
| 28:19 | Build | Town Center |
| 28:32 | Research | Imperial Age |
| 29:15 | Build | Castle |
| 29:26 | Create | Villager (Male) ×5 |
| 29:27 | Create | Villager (Male) ×5 |
| 29:44 | Research | Husbandry |
| 29:44 | Research | Bloodlines |
| 29:47 | Research | Man-at-Arms (upgrade) |
| 29:47 | Research | Squires |
| 29:50 | Research | Forging |
| 30:05 | Build | Farm |
| 30:05 | Build | Farm |
| 30:06 | Build | Farm |
| 30:06 | Build | Farm |
| 30:18 | Research | Gold Shaft Mining |
| 30:42 | Research | Light Cavalry (upgrade) |
| 30:51 | Build | Stable |
| 30:52 | Build | Stable |
| 31:09 | Research | Town Watch |
| 31:16 | Create | Villager (Male) ×5 |
| 31:34 | Research | Tigui |
| 31:43 | Build | Mining Camp |
| 31:46 | Age | Imperial Age |
| 31:48 | Build | Mining Camp |
| 31:57 | Research | Conscription |
| 32:06 | Create | Villager (Male) ×4 |
| 32:50 | Build | Castle |
| 33:02 | Build | Mining Camp |
| 33:17 | Research | Farimba |
| 33:37 | Build | Farm |
| 33:38 | Build | Farm |
| 33:39 | Build | Farm |
| 33:50 | Build | Farm |
| 33:55 | Build | Farm |
| 34:16 | Research | Heavy Camel Rider (upgrade) |
| 34:16 | Create | Camel Scout ×3 |
| 34:17 | Create | Camel Scout |
| 34:38 | Build | Stable |
| 34:39 | Build | Stable |
| 35:06 | Create | Villager (Male) ×5 |
| 35:06 | Create | Villager (Male) ×5 |
| 35:29 | Build | Lumber Camp |
| 35:50 | Research | Stone Shaft Mining |
| 36:00 | Research | Cavalier (upgrade) |
| 36:01 | Create | Knight ×5 |
| 36:27 | Research | Murder Holes |
| 36:29 | Research | Ballistics |
| 36:47 | Create | Knight ×4 |
| 37:02 | Build | Mining Camp |
Build order — 90_Archer
First 150 of 527 actions detected
| 0:08 | Build | House |
| 0:09 | Build | House |
| 0:10 | Create | Villager (Male) |
| 0:10 | Create | Villager (Male) |
| 0:11 | Create | Villager (Male) |
| 0:11 | Create | Villager (Male) |
| 0:11 | Create | Villager (Male) |
| 0:20 | Create | Villager (Male) |
| 0:20 | Create | Villager (Male) |
| 1:37 | Create | Villager (Male) |
| 1:37 | Create | Villager (Male) |
| 2:21 | Build | Lumber Camp |
| 2:23 | Create | Villager (Male) |
| 2:24 | Create | Villager (Male) |
| 2:24 | Create | Villager (Male) |
| 3:30 | Create | Villager (Male) |
| 4:03 | Create | Villager (Male) |
| 4:21 | Build | House |
| 4:39 | Build | Mill |
| 4:43 | Create | Villager (Male) |
| 5:05 | Create | Villager (Male) |
| 5:06 | Create | Villager (Male) |
| 5:06 | Create | Villager (Male) |
| 5:51 | Build | House |
| 6:16 | Create | Villager (Male) |
| 6:35 | Build | Mining Camp |
| 7:21 | Create | Villager (Male) |
| 7:22 | Create | Villager (Male) |
| 7:48 | Create | Villager (Male) |
| 8:52 | Research | Feudal Age |
| 9:05 | Build | Farm |
| 9:41 | Create | Villager (Male) |
| 9:41 | Create | Villager (Male) |
| 10:43 | Build | Palisade Wall |
| 10:58 | Build | House |
| 11:02 | Age | Feudal Age |
| 11:20 | Build | Market |
| 11:35 | Build | Blacksmith |
| 11:59 | Build | House |
| 12:00 | Build | House |
| 12:20 | Research | Castle Age |
| 12:21 | Research | Castle Age |
| 12:27 | Research | Double-Bit Axe |
| 13:07 | Build | Stone Wall |
| 13:14 | Build | Lumber Camp |
| 13:47 | Build | Farm |
| 14:19 | Build | House |
| 14:37 | Build | House |
| 14:42 | Create | Villager (Male) |
| 14:43 | Create | Villager (Male) |
| 15:00 | Age | Castle Age |
| 15:18 | Create | Villager (Male) |
| 15:18 | Create | Villager (Male) |
| 15:19 | Create | Villager (Male) |
| 15:25 | Build | Town Center |
| 15:31 | Build | Farm |
| 15:55 | Build | Town Center |
| 16:09 | Build | Farm |
| 16:11 | Build | Farm |
| 16:13 | Build | Farm |
| 16:18 | Build | Farm |
| 16:39 | Build | Stone Wall |
| 16:54 | Create | Villager (Male) |
| 16:54 | Create | Villager (Male) |
| 16:54 | Create | Villager (Male) |
| 17:03 | Create | Villager (Male) |
| 17:03 | Create | Villager (Male) |
| 17:03 | Create | Villager (Male) |
| 17:11 | Build | Lumber Camp |
| 17:14 | Create | Villager (Male) |
| 17:14 | Create | Villager (Male) |
| 17:15 | Create | Villager (Male) |
| 17:15 | Create | Villager (Male) |
| 17:18 | Build | Farm |
| 17:39 | Build | Farm |
| 17:55 | Build | Stone Wall |
| 18:08 | Build | Stone Wall |
| 18:13 | Build | Farm |
| 18:49 | Create | Villager (Male) |
| 18:50 | Create | Villager (Male) |
| 18:50 | Create | Villager (Male) |
| 18:50 | Create | Villager (Male) |
| 18:50 | Create | Villager (Male) |
| 18:51 | Create | Villager (Male) |
| 19:01 | Build | Farm |
| 19:09 | Create | Villager (Male) |
| 19:09 | Create | Villager (Male) |
| 19:26 | Build | Town Center |
| 19:29 | Build | Farm |
| 19:38 | Build | Farm |
| 19:46 | Build | Farm |
| 20:00 | Build | Farm |
| 20:13 | Build | Gate |
| 20:36 | Build | Stone Wall |
| 20:52 | Create | Villager (Male) |
| 20:52 | Create | Villager (Male) |
| 20:53 | Create | Villager (Male) |
| 20:53 | Create | Villager (Male) |
| 20:53 | Create | Villager (Male) |
| 20:53 | Create | Villager (Male) |
| 20:54 | Create | Villager (Male) |
| 20:54 | Create | Villager (Male) |
| 20:59 | Build | Farm |
| 21:02 | Build | Farm |
| 21:16 | Create | Villager (Male) |
| 21:16 | Create | Villager (Male) |
| 21:16 | Create | Villager (Male) |
| 21:20 | Create | Villager (Male) |
| 21:20 | Create | Villager (Male) |
| 21:33 | Build | Mining Camp |
| 21:36 | Create | Villager (Male) |
| 21:36 | Create | Villager (Male) |
| 21:36 | Create | Villager (Male) |
| 21:45 | Build | Farm |
| 21:49 | Build | Farm |
| 21:52 | Build | Farm |
| 22:32 | Build | Stone Wall |
| 22:39 | Build | Farm |
| 22:39 | Build | Farm |
| 22:39 | Build | Farm |
| 22:41 | Create | Villager (Male) |
| 22:41 | Create | Villager (Male) |
| 22:41 | Create | Villager (Male) |
| 22:42 | Create | Villager (Male) |
| 22:42 | Create | Villager (Male) |
| 22:42 | Create | Villager (Male) |
| 22:43 | Create | Villager (Male) |
| 22:43 | Create | Villager (Male) |
| 22:50 | Build | Farm |
| 22:52 | Build | Farm |
| 22:59 | Build | Farm |
| 23:31 | Build | Farm |
| 23:33 | Research | Loom |
| 23:34 | Research | Wheelbarrow |
| 23:35 | Research | Town Watch |
| 23:55 | Build | Castle |
| 24:00 | Build | Farm |
| 24:04 | Create | Villager (Male) |
| 24:05 | Create | Villager (Male) |
| 24:05 | Create | Villager (Male) |
| 24:05 | Create | Villager (Male) |
| 24:06 | Create | Villager (Male) |
| 24:06 | Create | Villager (Male) |
| 24:16 | Build | House |
| 24:16 | Build | House |
| 24:17 | Build | House |
| 24:17 | Build | House |
| 24:17 | Build | House |
| 24:18 | Build | House |
| 24:18 | Build | House |
Build order — TOYOTA YARIS GR
First 150 of 564 actions detected
| 0:04 | Create | Villager (Male) |
| 0:04 | Create | Villager (Male) |
| 0:05 | Create | Villager (Male) |
| 0:08 | Build | House |
| 0:09 | Create | Villager (Male) |
| 0:10 | Create | Villager (Male) |
| 0:21 | Build | House |
| 0:45 | Build | House |
| 1:32 | Create | Villager (Male) |
| 1:32 | Create | Villager (Male) |
| 2:10 | Create | Villager (Male) |
| 2:10 | Create | Villager (Male) |
| 2:33 | Create | Villager (Male) |
| 2:33 | Create | Villager (Male) |
| 2:43 | Build | Mill |
| 3:03 | Create | Villager (Male) |
| 3:04 | Create | Villager (Male) |
| 3:28 | Create | Villager (Male) |
| 3:29 | Create | Villager (Male) |
| 3:50 | Build | House |
| 4:04 | Create | Villager (Male) |
| 4:04 | Create | Villager (Male) |
| 4:04 | Create | Villager (Male) |
| 4:30 | Create | Villager (Male) |
| 4:30 | Create | Villager (Male) |
| 4:56 | Create | Villager (Male) |
| 4:56 | Create | Villager (Male) |
| 4:57 | Create | Villager (Male) |
| 5:37 | Create | Villager (Male) |
| 5:37 | Create | Villager (Male) |
| 5:37 | Create | Villager (Male) |
| 6:12 | Create | Villager (Male) |
| 6:13 | Create | Villager (Male) |
| 6:28 | Create | Villager (Male) |
| 6:41 | Build | House |
| 6:49 | Build | Lumber Camp |
| 6:50 | Create | Villager (Male) |
| 7:20 | Create | Villager (Male) |
| 7:21 | Create | Villager (Male) |
| 7:35 | Build | House |
| 8:14 | Create | Villager (Male) |
| 9:14 | Research | Feudal Age |
| 9:38 | Build | House |
| 9:58 | Build | Palisade Wall |
| 10:03 | Build | Palisade Wall |
| 10:27 | Build | Palisade Wall |
| 10:39 | Create | Villager (Male) |
| 10:40 | Create | Villager (Male) |
| 11:24 | Age | Feudal Age |
| 11:27 | Create | Villager (Male) |
| 11:28 | Create | Villager (Male) |
| 11:45 | Build | Stone Wall |
| 11:57 | Create | Villager (Male) |
| 11:58 | Create | Villager (Male) |
| 12:02 | Research | Double-Bit Axe |
| 12:11 | Build | Stone Wall |
| 12:13 | Build | Stone Wall |
| 12:19 | Build | Stone Wall |
| 12:20 | Build | Stone Wall |
| 12:21 | Build | Stone Wall |
| 12:21 | Build | Stone Wall |
| 12:22 | Build | Stone Wall |
| 12:24 | Build | Stone Wall |
| 12:37 | Create | Villager (Male) |
| 12:38 | Create | Villager (Male) |
| 12:43 | Build | Farm |
| 13:03 | Build | Farm |
| 13:32 | Build | Farm |
| 13:36 | Build | Farm |
| 13:37 | Build | Farm |
| 13:39 | Build | Farm |
| 13:40 | Build | Farm |
| 13:42 | Build | Farm |
| 13:43 | Build | Farm |
| 13:45 | Build | Farm |
| 13:46 | Build | Farm |
| 13:47 | Build | Farm |
| 13:48 | Build | Farm |
| 13:57 | Build | Mining Camp |
| 14:17 | Build | Mining Camp |
| 14:30 | Build | Farm |
| 14:50 | Create | Villager (Male) |
| 14:50 | Create | Villager (Male) |
| 14:50 | Create | Villager (Male) |
| 14:51 | Create | Villager (Male) |
| 14:57 | Build | Farm |
| 15:22 | Build | Farm |
| 15:45 | Build | Farm |
| 15:59 | Build | Market |
| 16:09 | Create | Villager (Male) |
| 16:09 | Create | Villager (Male) |
| 16:09 | Create | Villager (Male) |
| 16:10 | Create | Villager (Male) |
| 16:26 | Build | Stone Wall |
| 16:27 | Build | Stone Wall |
| 16:28 | Build | Stone Wall |
| 16:33 | Build | Stone Wall |
| 16:35 | Build | Stone Wall |
| 16:36 | Build | Stone Wall |
| 16:37 | Build | Stone Wall |
| 16:37 | Build | Stone Wall |
| 16:40 | Build | Stone Wall |
| 16:41 | Build | Stone Wall |
| 16:43 | Build | Stone Wall |
| 16:51 | Create | Villager (Male) |
| 16:52 | Create | Villager (Male) |
| 17:07 | Build | House |
| 17:10 | Build | House |
| 17:12 | Build | House |
| 18:16 | Build | Blacksmith |
| 19:28 | Research | Castle Age |
| 19:41 | Build | Barracks |
| 20:21 | Build | Watch Tower |
| 20:23 | Create | Militia |
| 20:23 | Create | Militia |
| 20:23 | Create | Militia |
| 21:21 | Create | Militia |
| 21:21 | Create | Militia |
| 21:22 | Create | Militia |
| 22:08 | Age | Castle Age |
| 23:01 | Build | Castle |
| 23:15 | Create | Villager (Male) |
| 23:15 | Create | Villager (Male) |
| 23:15 | Create | Villager (Male) |
| 23:15 | Create | Villager (Male) |
| 23:16 | Create | Villager (Male) |
| 23:16 | Create | Villager (Male) |
| 23:56 | Create | Woad Raider |
| 23:56 | Create | Woad Raider |
| 23:58 | Create | Villager (Male) |
| 23:59 | Create | Villager (Male) |
| 24:42 | Build | Mining Camp |
| 24:50 | Create | Villager (Male) |
| 24:50 | Create | Villager (Male) |
| 25:06 | Create | Villager (Male) |
| 25:26 | Create | Villager (Male) |
| 25:26 | Create | Villager (Male) |
| 25:55 | Create | Woad Raider |
| 25:56 | Create | Woad Raider |
| 25:56 | Create | Woad Raider |
| 25:58 | Create | Woad Raider |
| 26:05 | Create | Villager (Male) |
| 26:05 | Create | Villager (Male) |
| 26:43 | Create | Woad Raider |
| 26:48 | Create | Villager (Male) |
| 26:48 | Create | Villager (Male) |
| 27:01 | Build | Town Center |
| 27:05 | Create | Villager (Male) |
| 27:40 | Create | Villager (Male) |
| 27:42 | Create | Villager (Male) |
Match timeline
| 7:07 | JUSTABANDIT · first_building Barracks |
| 9:58 | TOYOTA YARIS GR · wall_segment Palisade Wall x1 |
| 10:03 | TOYOTA YARIS GR · wall_segment Palisade Wall x1 |
| 10:27 | TOYOTA YARIS GR · wall_segment Palisade Wall x1 |
| 10:27 | kokokun · age_up feudal |
| 10:43 | 90_Archer · wall_segment Palisade Wall x11 |
| 11:02 | 90_Archer · age_up feudal |
| 11:24 | TOYOTA YARIS GR · age_up feudal |
| 11:45 | TOYOTA YARIS GR · wall_segment Stone Wall x8 |
| 11:54 | L3GAL · age_up feudal |
| 12:11 | TOYOTA YARIS GR · wall_segment Stone Wall x7 |
| 12:13 | TOYOTA YARIS GR · wall_segment Stone Wall x6 |
| 12:19 | TOYOTA YARIS GR · wall_segment Stone Wall x1 |
| 12:20 | TOYOTA YARIS GR · wall_segment Stone Wall x1 |
| 12:21 | TOYOTA YARIS GR · wall_segment Stone Wall x1 |
| 12:21 | TOYOTA YARIS GR · wall_segment Stone Wall x1 |
| 12:22 | TOYOTA YARIS GR · wall_segment Stone Wall x1 |
| 12:24 | TOYOTA YARIS GR · wall_segment Stone Wall x1 |
| 12:34 | DrinkYoSoup · age_up feudal |
| 12:56 | Fluvialgeomorphologist · first_building Barracks |
| 13:07 | 90_Archer · wall_segment Stone Wall x18 |
| 13:42 | JUSTABANDIT · age_up feudal |
| 13:52 | Fluvialgeomorphologist · age_up feudal |
| 14:03 | DrinkYoSoup · wall_segment Stone Wall x8 |
| 14:13 | DrinkYoSoup · wall_segment Stone Wall x40 |
| 15:00 | 90_Archer · age_up castle |
| 15:22 | J5423 · first_building Barracks |
| 15:37 | L3GAL · first_building Barracks |
| 15:41 | DrinkYoSoup · wall_segment Stone Wall x20 |
| 15:46 | 90_Archer · first_market_buy 100 stone |
| 16:26 | TOYOTA YARIS GR · wall_segment Stone Wall x1 |
| 16:27 | TOYOTA YARIS GR · wall_segment Stone Wall x1 |
| 16:28 | TOYOTA YARIS GR · wall_segment Stone Wall x1 |
| 16:33 | TOYOTA YARIS GR · wall_segment Stone Wall x1 |
| 16:35 | TOYOTA YARIS GR · wall_segment Stone Wall x1 |
| 16:36 | TOYOTA YARIS GR · wall_segment Stone Wall x1 |
| 16:37 | TOYOTA YARIS GR · wall_segment Stone Wall x1 |
| 16:37 | TOYOTA YARIS GR · wall_segment Stone Wall x1 |
| 16:39 | 90_Archer · wall_segment Stone Wall x10 |
| 16:40 | TOYOTA YARIS GR · wall_segment Stone Wall x1 |
| 16:41 | TOYOTA YARIS GR · wall_segment Stone Wall x1 |
| 16:43 | TOYOTA YARIS GR · wall_segment Stone Wall x1 |
| 17:10 | kokokun · age_up castle |
| 17:47 | Fluvialgeomorphologist · age_up castle |
| 17:55 | 90_Archer · wall_segment Stone Wall x6 |
| 18:08 | 90_Archer · wall_segment Stone Wall x14 |
| 18:10 | DrinkYoSoup · first_building Barracks |
| 18:41 | Fluvialgeomorphologist · first_building Stable |
| 19:26 | TOYOTA YARIS GR · first_market_sell 100 wood |
| 19:41 | TOYOTA YARIS GR · first_building Barracks |
| 20:00 | DrinkYoSoup · age_up castle |
| 20:05 | DrinkYoSoup · first_building Castle |
| 20:22 | kokokun · first_building Castle |
| 20:22 | JUSTABANDIT · wall_segment Stone Wall x14 |
| 20:36 | 90_Archer · wall_segment Stone Wall x7 |
| 20:37 | JUSTABANDIT · wall_segment Stone Wall x6 |
| 22:06 | L3GAL · age_up castle |
| 22:08 | TOYOTA YARIS GR · age_up castle |
| 22:16 | JUSTABANDIT · first_building Archery Range |
| 22:24 | TOYOTA YARIS GR · first_market_buy 100 stone |
| 22:32 | 90_Archer · wall_segment Stone Wall x11 |
| 23:01 | TOYOTA YARIS GR · first_building Castle |
| 23:55 | 90_Archer · first_building Castle |
| 24:34 | DrinkYoSoup · first_building Siege Workshop |
| 24:43 | J5423 · first_building Stable |
| 24:54 | L3GAL · first_building Castle |
| 26:00 | 90_Archer · first_building Barracks |
| 26:24 | Fluvialgeomorphologist · first_building Siege Workshop |
| 26:35 | JUSTABANDIT · age_up castle |
| 27:29 | 90_Archer · first_building Monastery |
| 27:44 | J5423 · first_building Castle |
| 28:47 | L3GAL · first_building Monastery |
| 29:08 | kokokun · first_building Barracks |
| 29:15 | Fluvialgeomorphologist · first_building Castle |
| 30:11 | J5423 · wall_segment Stone Wall x1 |
| 30:32 | kokokun · first_building Stable |
| 30:39 | 90_Archer · first_building Archery Range |
| 30:45 | 90_Archer · first_building Stable |
| 30:52 | kokokun · wall_segment Stone Wall x1 |
| 30:57 | kokokun · wall_segment Stone Wall x13 |
| 31:20 | DrinkYoSoup · age_up imperial |
| 31:32 | kokokun · first_building Monastery |
| 31:46 | Fluvialgeomorphologist · age_up imperial |
| 34:04 | J5423 · wall_segment Stone Wall x1 |
| 34:18 | JUSTABANDIT · first_building Siege Workshop |
| 37:08 | 90_Archer · age_up imperial |
| 37:19 | kokokun · first_market_sell 500 food |
| 37:22 | JUSTABANDIT · first_building Monastery |
| 38:12 | J5423 · first_building Monastery |
| 39:57 | TOYOTA YARIS GR · first_building Siege Workshop |
| 40:08 | kokokun · age_up imperial |
| 40:18 | TOYOTA YARIS GR · age_up imperial |
| 40:22 | L3GAL · age_up imperial |
| 42:23 | JUSTABANDIT · first_building Castle |
| 42:27 | DrinkYoSoup · first_building Archery Range |
| 43:47 | J5423 · wall_segment Stone Wall x4 |
| 52:20 | L3GAL · first_building Siege Workshop |
| 54:23 | J5423 · wall_segment Stone Wall x8 |
| 54:28 | J5423 · wall_segment Stone Wall x5 |
| 55:42 | JUSTABANDIT · age_up imperial |
| 57:31 | J5423 · wall_segment Stone Wall x1 |
| 57:34 | J5423 · wall_segment Stone Wall x1 |
| 57:35 | JUSTABANDIT · resign |
| 58:26 | J5423 · wall_segment Stone Wall x17 |
| 58:32 | J5423 · wall_segment Stone Wall x17 |
| 59:39 | DrinkYoSoup · first_market_buy 100 stone |
| 64:29 | J5423 · wall_segment Stone Wall x16 |
| 64:33 | J5423 · wall_segment Stone Wall x17 |
| 64:36 | J5423 · wall_segment Stone Wall x16 |
[ AI ANALYSIS · 1 CREDIT ]
What really happened in this match?
Wolo.gg analyzes every decision: build order, eco, micro, common mistakes by bracket. Personalized analysis on WhatsApp or Discord in 30 seconds.
Civ guide
Muisca
Perfil
Jugador #10852347